 Dungeon Crawl Stone Soup version 0.21-a0-538-gd16b88a (webtiles) character file.

132 Amnesiac the Vandal (level 5, -5/35 HPs)
             Began as a Halfling Fighter on Dec 15, 2017.
             Killed by divine providence
             ... invoked by an orc priest
              (14 damage)
             ... while paralysed
             ... on level 3 of the Dungeon.
             The game lasted 00:04:00 (2454 turns).

Amnesiac the Vandal (Halfling Fighter)              Turns: 2454, Time: 00:04:00

Health: -5/35      AC:  6    Str: 18    XL:     5   Next: 38%
Magic:  5/5        EV:  3    Int:  6    God:
Gold:   104        SH:  0    Dex: 14    Spells: 4/4 levels left

rFire    . . .     SeeInvis +   b - +0 rapier
rCold    . . .     Gourm    .   c - +0 shield
rNeg     . . .     Faith    .   k - +0 scale mail
rPois    .         Spirit   .   (no helmet)
rElec    .         Reflect  .   (no cloak)
rCorr    .         Harm     .   (no gloves)
MR       .....                  (no boots)
Stlth    ..........             (no amulet)
HPRegen  0.11/turn              s - ring of see invisible
MPRegen  0.09/turn              (no ring)

@: paralysed, berserk cooldown, slowed
A: small, mutation resistance 1
a: no special abilities


You were on level 3 of the Dungeon.
You were hungry.

You visited 1 branch of the dungeon, and saw 3 of its levels.

You collected 104 gold pieces.

Inventory:

Hand Weapons
 a - a +1 hunting sling of velocity
 b - a +0 rapier (weapon)
 r - a +0 hunting sling
Missiles
 g - 47 sling bullets
 h - 52 stones (quivered)
Armour
 c - a +0 shield (worn)
 k - a +0 scale mail (worn)
Jewellery
 s - a ring of see invisible (left hand)
Scrolls
 m - a scroll of teleportation {!r, unknown}
 p - a scroll of enchant armour {!r, unknown}
 q - a scroll of remove curse {!r, unknown}
Potions
 d - 2 potions of might {!q}
 n - a potion of curing {!q}
 o - a potion of haste {!q}
 t - a potion of lignification {!q}
Comestibles
 f - 2 bread rations
 i - 2 royal jellies


   Skills:
 - Level 2.6 Fighting
 - Level 2.4 Short Blades
 + Level 5.0 Slings
 - Level 3.2 Armour
 - Level 3.2 Dodging
 - Level 3.2 Shields


You had 4 spell levels left.
You didn't know any spells.

Dungeon Overview and Level Annotations

Branches:
Dungeon (3/15)

Altars:
Dithmenos
Ru


Innate Abilities, Weirdness & Mutations

You are small and have problems with some larger weapons.
You are somewhat resistant to further mutation.


Message History

There are monsters nearby!
Firing (i - inventory. (,) - cycle):
g - 50 sling bullets (quivered)
Press: ? - help, Shift-Dir - straight line, f - orc
Aim: an orc, wielding a club You shoot a sling bullet.
The sling bullet hits the hobgoblin.
The hobgoblin is almost dead.
Unknown command.
Firing (i - inventory. (,) - cycle):
g - 49 sling bullets (quivered)
Press: ? - help, Shift-Dir - straight line, f/p - orc
Aim: an orc, wielding a club You shoot a sling bullet.
The sling bullet barely misses the hobgoblin.
The sling bullet barely misses the orc priest.
The sling bullet closely misses the orc.
The hobgoblin barely misses you.
Unknown command.
Firing (i - inventory. (,) - cycle):
g - 48 sling bullets (quivered)
Press: ? - help, Shift-Dir - straight line, f - orc priest
Aim: an orc priest, wielding a hand axe and wearing a chain mail (lightly wounded)
You shoot a sling bullet.
The sling bullet barely misses the hobgoblin.
The sling bullet hits the orc priest but does no damage.
The orc priest is lightly wounded.
The orc priest mumbles some strange prayers to Beogh against you.
Beogh smites you!
* * * LOW HITPOINT WARNING * * *
You block the hobgoblin's attack.
You hear a shout!
Firing (i - inventory. (,) - cycle):
g - 47 sling bullets (quivered)
Press: ? - help, Shift-Dir - straight line, f/p - orc priest
Aim: an orc priest, wielding a hand axe and wearing a chain mail (lightly wounded)
Okay, then.
Okay, then.
Okay, then.
b - a +0 rapier (weapon)
Okay, then.
Really quaff
n - 2 potions of curing {!q}?
You feel better. The hobgoblin barely misses you.
Really quaff
j - a potion of berserk rage {!q}?
A red film seems to cover your vision as you go berserk!
You feel yourself moving faster!
You feel mighty! You block the hobgoblin's attack.
You puncture the hobgoblin!
You kill the hobgoblin!
You puncture the orc!
You kill the orc!
You puncture the orc!
You kill the orc!
Your Slings skill increases to level 5!
You swing at nothing.
You swing at nothing.
You feel a strong urge to attack something.
Items here: )) = † a club x2; a wooden ring; an orc corpse You feel your anger nearly subside.
You are no longer berserk.
You pass out from exhaustion.
You feel yourself slow down.
The orc priest calls down the wrath of Beogh upon you.
Beogh smites you!
* * * LOW HITPOINT WARNING * * *
The orc priest looks satisfied for a moment.
The orc priest mumbles some strange prayers to Beogh against you.
Beogh smites you!
You die...

#.. ####.### .......####.
.. #.##........ # #.
#.##.#.# .# #.#
#.##†#.######.# ##.##
#.##.#....... ##...##
#.#..)##....
#....>####..#.#@#.#.# .
#.............##(.#.##....
#...(.####..)...).o().....
##...## #...#)##)###.###.
###.### ###).###...
#.....# #.## #..##
#.###)######.# #..# #.#
#......#.####..#
#.###.....<........#


You could see an orc priest.

Vanquished Creatures
  3 gnolls (D:3)
  An adder (D:2)
  An ooze (D:3)
  A worm (D:2)
  3 dart slugs (D:1)
  5 leopard geckos
  6 orcs (D:3)
  4 giant cockroaches
  9 goblins
  9 hobgoblins
  4 jackals (D:1)
  7 bats
  A frilled lizard (D:1)
  7 kobolds
  9 rats
  A bush (D:2)
71 creatures vanquished.

Notes
Turn   | Place    | Note
-------+----------+-------------------------------------------
     0 | D:1      | Amnesiac the Halfling Fighter began the quest for the Orb.
     0 | D:1      | Reached XP level 1. HP: 15/15 MP: 1/1
    33 | D:1      | Reached skill level 1 in Dodging
    37 | D:1      | Reached XP level 2. HP: 2/20 MP: 2/2
   619 | D:1      | Reached XP level 3. HP: 17/25 MP: 3/3
  1065 | D:1      | Reached skill level 1 in Slings
  1199 | D:2      | Reached skill level 2 in Slings
  1199 | D:2      | Reached XP level 4. HP: 30/30 MP: 4/4
  1298 | D:2      | Found a shadowy altar of Dithmenos.
  1459 | D:2      | Found a faded altar of an unknown god.
  1782 | D:2      | Reached skill level 3 in Slings
  1862 | D:2      | Found a sacrificial altar of Ru.
  2380 | D:3      | Reached skill level 4 in Slings
  2380 | D:3      | Reached XP level 5. HP: 30/35 MP: 5/5
  2448 | D:3      | Reached skill level 5 in Slings
  2454 | D:3      | Killed from afar by an orc priest

Vault maps used:
D:1:      minmay_arrival_solitary_statue, grunt_decor_one_mirror
D:2:      nicolae_ru_path_of_blood, chequers_ecumenical_altar_simple,
          minmay_hedge_maze, nicolae_dithmenos_shadow_blocks
D:3:      cheibrodos_pilgrimage, first_bread, serial_bayou_pond_e

Skill      XL: |  1  2  3  4  5 |
---------------+----------------+-----
Dodging        | 1 2 3 |  3.2
Slings         | 2 4 5 |  5.0
Fighting       | |  2.6
Short Blades   | |  2.4
Armour         | |  3.2
Shields        | |  3.2

Action                   |  1- 3 |  4- 6 || total
-------------------------+-------+-------++-------
Melee: Rapier            |   116 |   199 ||   315
 Fire: Hunting sling     |       |    24 ||    24
  Use: Scroll            |       |     6 ||     6
       Potion            |       |     2 ||     2
  Eat: Chunk             |     1 |     4 ||     5
Armor: Scale mail        |    41 |    17 ||    58
Dodge: Dodged            |    60 |    42 ||   102
Block: Shield            |    69 |    42 ||   111

Table legend:
 A = Spawn XP
 B = Non-spawn XP
 C = Spawn XP percentage of total XP
 D = Spawn monster count
 E = Non-spawn monster count
 F = Spawn count percentage of total count
 G = Total turns spent on level
                    A         B        C        D         E        F      G
               +---------+---------+-------+---------+---------+-------+---------
         Total |       0 |     189 |   0.0 |       0 |      70 |   0.0 |  2454
               +---------+---------+-------+---------+---------+-------+---------
           D:1 |       0 |      60 |   0.0 |       0 |      32 |   0.0 |  1189
           D:2 |       0 |      44 |   0.0 |       0 |      17 |   0.0 |  1091
           D:3 |       0 |      85 |   0.0 |       0 |      21 |   0.0 |   174
               +---------+---------+-------+---------+---------+-------+---------
